 Dungeon Crawl Stone Soup version 0.22.0-81-g402daae900 (webtiles) character file.

414 JedernureinKreuz the Conjurer (level 6, -2/44 HPs)
             Began as a Gnoll Conjurer on Sept 16, 2018.
             Was an Initiate of Sif Muna.
             Slain by a goblin (3 damage)
             ... led by Robin
             ... on level 3 of the Dungeon.
             The game lasted 00:11:04 (2554 turns).

JedernureinKreuz the Conjurer (Gnoll Conjurer)      Turns: 2554, Time: 00:11:04

Health: -2/44      AC:  3    Str: 11    XL:     6   Next: 91%
Magic:  14/14      EV: 14    Int: 19    God:    Sif Muna [......]
Gold:   181        SH:  0    Dex: 15    Spells: 14/15 levels left

rFire    x . .     SeeInvis .   w - -2 mace (curse)
rCold    + . .     Gourm    .   (no shield)
rNeg     . . .     Faith    .   k - +0 leather armour
rPois    .         Spirit   .   (no helmet)
rElec    .         Reflect  .   (no cloak)
rCorr    +         Harm     .   (no gloves)
MR       .....                  (no boots)
Stlth    +++.......             (no amulet)
HPRegen  0.14/turn              n - ring of resist corrosion
MPRegen  0.14/turn              C - ring of ice

@: no status effects
A: distributed training, fangs 1, strong nose
a: Renounce Religion


You were on level 3 of the Dungeon.
You worshipped Sif Muna.
Sif Muna was noncommittal.
You were very hungry.

You visited 1 branch of the dungeon, and saw 3 of its levels.

You collected 181 gold pieces.

Inventory:

Hand Weapons
 l - a +0 dagger
 t - a +0 short sword
 w - a cursed -2 mace (weapon)
 x - a +3 short sword
 B - a +4 dagger of freezing
Missiles
 d - 38 arrows
 j - 20 bolts
 r - 17 sling bullets
 A - 7 javelins (quivered)
Armour
 a - a +0 robe
 k - a +0 leather armour (worn)
 m - a +0 robe
Jewellery
 n - a ring of resist corrosion (left hand)
 o - an uncursed ring of fire
 u - an uncursed ring of protection from fire
 C - a ring of ice (right hand)
Scrolls
 e - a scroll of fog
 g - 8 scrolls of identify {unknown}
 p - 3 scrolls of teleportation {unknown}
 s - a scroll of enchant armour {unknown}
 y - a scroll of enchant weapon {unknown}
 z - a scroll of random uselessness {unknown}
Potions
 b - 2 potions of magic {unknown}
 f - a potion of lignification {unknown}
 h - 2 potions of degeneration {unknown}
 i - a potion of mutation {unknown}
 q - 2 potions of resistance {unknown}
Comestibles
 c - 7 rations


   Skills:
 + Level 2.1 Fighting
 + Level 2.1 Short Blades
 + Level 2.1 Long Blades
 + Level 2.1 Axes
 + Level 2.1 Maces & Flails
 + Level 2.1 Polearms
 + Level 2.1 Staves
 + Level 2.1 Slings
 + Level 2.1 Bows
 + Level 2.1 Crossbows
 + Level 2.1 Throwing
 + Level 2.1 Armour
 + Level 5.0 Dodging
 + Level 4.7 Stealth
 + Level 2.1 Shields
 + Level 2.1 Unarmed Combat
 + Level 5.4 Spellcasting
 + Level 7.3 Conjurations
 + Level 1.6 Hexes
 + Level 1.6 Charms
 + Level 1.6 Summonings
 + Level 1.6 Necromancy
 + Level 1.6 Translocations
 + Level 1.6 Transmutations
 + Level 1.6 Fire Magic
 + Level 1.6 Ice Magic
 + Level 1.6 Air Magic
 + Level 1.6 Earth Magic
 + Level 1.6 Poison Magic
 + Level 2.3 Invocations
 + Level 2.1 Evocations


You had 14 spell levels left.
You knew the following spells:

 Your Spells              Type           Power        Failure   Level  Hunger
a - Magic Dart            Conj           ####         1%          1    None

Your spell library contained the following spells:

 Spells                   Type           Power        Failure   Level  Hunger
 Searing Ray              Conj           ####..       1%          2    None
 Dazzling Spray           Conj/Hex       ###...       8%          3    ##.....
 Iskenderun's Mystic Bla  Conj           ####....     8%          4    ####...
 Force Lance              Conj/Tloc      ###.....     24%         4    ####...
 Fulminant Prism          Conj/Hex       ###.......   24%         4    ####...


Dungeon Overview and Level Annotations

Branches:
Dungeon (3/15)

Altars:
Sif Muna
Trog

Annotations:
D:3 Robin


Innate Abilities, Weirdness & Mutations

Your experience applies equally to all skills.
You have very sharp teeth.
Your uncanny sense of smell can sniff out nearby items.


Message History

The goblin closely misses you. Robin throws the goblin at you!
The goblin misses you.
The goblin no longer looks unusually strong.
The goblin hits you with a club.
* * * LOW HITPOINT WARNING * * *
You hit the goblin but do no damage. You punch the goblin.
The goblin is severely wounded.
Robin roars a battlecry!
The goblin goes into a battle-frenzy!
The goblin hits you but does no damage. The goblin misses you.
The goblin hits you.
* * * LOW HITPOINT WARNING * * *
You barely miss the goblin.
The goblin is severely wounded.
The goblin misses you. The goblin barely misses you.
You hit the goblin.
You kill the goblin!
Sif Muna accepts your kill. The goblin hits you.
You die...

######## #<##.#.#
#....#.# ######.##.#.#
#.........#.#
###)####.####.# ##
#..)# #......#
.###.###########)#####
.#........######@gg..#
.#............####)###
.#............# #.#
.#............# #.#
.#............# #)#
.#..[.........# #.#
.#............# #.#
..>...........# #.#
..#...........# #.#


You could see Robin and a goblin.

Vanquished Creatures
  Grinder (D:3)
  An orc wizard (D:3)
  2 orc priests (D:3)
  Terence (D:3)
  3 adders (D:3)
  A worm (D:2)
  A dart slug (D:1)
  A leopard gecko (D:1)
  7 orcs (D:3)
  2 giant cockroaches (D:1)
  15 goblins
  2 hobgoblins
  6 jackals (D:1)
  10 bats
  7 frilled lizards
  2 kobolds
  4 rats
66 creatures vanquished.

Notes
Turn   | Place    | Note
-------+----------+-------------------------------------------
     0 | D:1      | JedernureinKreuz the Gnoll Conjurer began the quest for the
                  | Orb.
     0 | D:1      | Reached XP level 1. HP: 13/13 MP: 6/6
   127 | D:1      | Reached XP level 2. HP: 17/19 MP: 4/7
   485 | D:1      | Reached XP level 3. HP: 25/25 MP: 5/9
   786 | D:1      | Reached skill level 5 in Spellcasting
  1521 | D:3      | Reached skill level 1 in Invocations
  1549 | D:3      | Reached skill level 1 in Fighting
  1549 | D:3      | Reached skill level 1 in Short Blades
  1549 | D:3      | Reached skill level 1 in Long Blades
  1549 | D:3      | Reached skill level 1 in Axes
  1549 | D:3      | Reached skill level 1 in Maces & Flails
  1549 | D:3      | Reached skill level 1 in Polearms
  1549 | D:3      | Reached skill level 1 in Staves
  1549 | D:3      | Reached skill level 1 in Slings
  1549 | D:3      | Reached skill level 1 in Bows
  1549 | D:3      | Reached skill level 1 in Crossbows
  1549 | D:3      | Reached skill level 1 in Throwing
  1549 | D:3      | Reached skill level 1 in Armour
  1549 | D:3      | Reached skill level 1 in Shields
  1549 | D:3      | Reached skill level 1 in Unarmed Combat
  1549 | D:3      | Reached skill level 1 in Evocations
  1549 | D:3      | Reached XP level 4. HP: 32/32 MP: 7/11
  1557 | D:3      | Reached skill level 1 in Hexes
  1557 | D:3      | Reached skill level 1 in Charms
  1557 | D:3      | Reached skill level 1 in Summonings
  1557 | D:3      | Reached skill level 1 in Necromancy
  1557 | D:3      | Reached skill level 1 in Translocations
  1557 | D:3      | Reached skill level 1 in Transmutations
  1557 | D:3      | Reached skill level 1 in Fire Magic
  1557 | D:3      | Reached skill level 1 in Ice Magic
  1557 | D:3      | Reached skill level 1 in Air Magic
  1557 | D:3      | Reached skill level 1 in Earth Magic
  1557 | D:3      | Reached skill level 1 in Poison Magic
  1604 | D:3      | Reached XP level 5. HP: 20/37 MP: 1/12
  1648 | D:3      | Noticed Terence
  1758 | D:3      | Killed Terence
  2006 | D:3      | Found a bloodstained altar of Trog.
  2276 | D:3      | Found a deep blue altar of Sif Muna.
  2284 | D:3      | Became a worshipper of Sif Muna the Loreminder
  2413 | D:3      | Noticed Grinder
  2421 | D:3      | Paralysed by Grinder for 4 turns
  2434 | D:3      | Killed Grinder
  2434 | D:3      | Reached skill level 5 in Dodging
  2434 | D:3      | Reached XP level 6. HP: 27/44 MP: 3/14
  2525 | D:3      | Noticed Robin
  2552 | D:3      | HP: 1/44 [goblin[Robin] (3)]
  2554 | D:3      | Slain by a goblin

Skill      XL: |  1  2  3  4  5 |
---------------+----------------+-----
Spellcasting   | 5 |  5.4
Invocations    | 1 2 |  2.3
Fighting       | 1 2 |  2.1
Short Blades   | 1 2 |  2.1
Long Blades    | 1 2 |  2.1
Axes           | 1 2 |  2.1
Maces & Flails | 1 2 |  2.1
Polearms       | 1 2 |  2.1
Staves         | 1 2 |  2.1
Slings         | 1 2 |  2.1
Bows           | 1 2 |  2.1
Crossbows      | 1 2 |  2.1
Throwing       | 1 2 |  2.1
Armour         | 1 2 |  2.1
Shields        | 1 2 |  2.1
Unarmed Combat | 1 2 |  2.1
Evocations     | 1 2 |  2.1
Hexes          | 1 |  1.6
Charms         | 1 |  1.6
Summonings     | 1 |  1.6
Necromancy     | 1 |  1.6
Translocations | 1 |  1.6
Transmutations | 1 |  1.6
Fire Magic     | 1 |  1.6
Ice Magic      | 1 |  1.6
Air Magic      | 1 |  1.6
Earth Magic    | 1 |  1.6
Poison Magic   | 1 |  1.6
Dodging        | 5 |  5.0
Stealth        | |  4.7
Conjurations   | |  7.3

Action                   |  1- 3 |  4- 6 || total
-------------------------+-------+-------++-------
Melee: Unarmed           |    17 |       ||    17
       Bite              |     3 |     8 ||    11
       Dagger            |     7 |    42 ||    49
       Mace              |       |    51 ||    51
       Punch             |       |     2 ||     2
 Cast: Magic Dart        |    57 |    61 ||   118
  Use: Scroll            |     3 |       ||     3
 Stab: Sleeping          |     1 |     1 ||     2
  Eat: Chunk             |     2 |     2 ||     4
Armor: Robe              |     5 |       ||     5
       Leather armour    |     1 |    20 ||    21
Dodge: Dodged            |    29 |   101 ||   130
